AoeStats
← Jimbo990

Black Forest

519693208Analyzed
4v4 RM · 8d ago on Nov 8, 2026· 106m 13s· 8 players
Game mode
Random Map
Map size
Large (8 player)
Population
200
Speed
Normal
Resources
Standard
Victory
Conquest
Starting age
Dark Age
Ending age
Imperial Age
RankedLock teamsTeams togetherTeam positionsShared explorationLock speedFull tech treeHidden civsTurbo modeCheats
Victory
Defeat
🇺🇿 Mongols · Uzbekistan
705
+10
🇵🇱 Britons · Poland
646
+12
🇨🇳 Byzantines · China
639
+12
🇬🇧 Persians · United Kingdom
615
+13
vs
🇹🇼 Spanish · Taiwan
641
-15
🇦🇷 Teutons · Argentina
528
-11
🇨🇦 Lithuanians · Canada
527
-11
🇨🇳 Aztecs · China
511
-10
Jimbo990
11:01 Feudal Age
17:20 Double-Bit Axe
22:55 Castle Age
22:58 Horse Collar
27:36 Caravan
27:33 Town Watch
27:34 Loom
28:00 Gold Mining
28:20 Murder Holes
28:36 Masonry
33:27 Imperial Age
32:34 Bow Saw
32:26 Heavy Plow
33:37 Wheelbarrow
33:51 Cavalier
34:42 Bloodlines
34:33 Husbandry
34:49 Bloodlines
34:40 Husbandry
38:52 Citadels
44:29 Savar
47:07 Scale Barding Armor
47:12 Forging
52:09 Chain Barding Armor
51:41 Fletching
54:56 Pikeman
59:27 Hand Cart
59:45 Crop Rotation
64:01 Heavy Scorpion
65:30 Hoardings
68:14 Two-Man Saw
67:55 Plate Barding Armor
67:46 Ballistics
67:58 Architecture
69:10 Halberdier
70:27 Sappers
71:01 Scale Mail Armor
74:19 Chemistry
73:57 Iron Casting
74:13 Town Patrol
74:16 Squires
76:46 Elite War Elephant
79:24 Chain Mail Armor
79:05 Bodkin Arrow
79:10 Padded Archer Armor
80:59 Conscription
97:01 Coinage
96:42 Guilds
104:44 Padded Archer Armor
105:15 Plate Mail Armor
105:46 Blast Furnace
akb
11:18 Feudal Age
11:51 Loom
12:52 Horse Collar
13:03 Double-Bit Axe
19:32 Castle Age
17:28 Gold Mining
17:28 Stone Mining
21:15 Caravan
22:16 Bow Saw
23:44 Wheelbarrow
23:42 Heavy Plow
25:02 Hand Cart
29:28 Gold Shaft Mining
29:28 Stone Shaft Mining
30:29 Town Watch
32:14 Town Patrol
33:25 Masonry
33:36 Ballistics
33:06 Guard Tower
33:27 Fortified Wall
33:12 Murder Holes
38:00 Imperial Age
36:08 Forging
35:59 Scale Mail Armor
36:04 Scale Barding Armor
35:59 Padded Archer Armor
35:50 Fletching
36:04 Atonement
36:15 Fervor
36:01 Herbal Medicine
36:06 Devotion
37:35 Coinage
37:28 Nomads
41:22 Chemistry
40:27 Siege Engineers
40:33 Careening
40:29 Siphons
40:46 Shipwright
40:36 Clinker Construction
41:51 Drill
41:54 Conscription
41:05 Sappers
42:11 Hoardings
40:57 Elite Mangudai
42:00 Chain Barding Armor
41:56 Chain Mail Armor
41:57 Leather Archer Armor
42:42 Faith
42:42 Heresy
42:53 Bodkin Arrow
43:33 Iron Casting
43:14 Chain Mail Armor
43:51 Husbandry
43:58 Thumb Ring
44:32 Parthian Tactics
45:18 Bracer
46:33 Blast Furnace
45:48 Bloodlines
45:02 Light Cavalry
45:04 Cavalier
45:06 Heavy Camel Rider
45:53 Squires
45:39 Arson
46:52 Plate Mail Armor
49:12 Pikeman
49:12 Man-at-Arms
49:14 Crossbowman
49:15 Elite Skirmisher
49:15 Heavy Cavalry Archer
50:44 Banking
49:47 Hussar
49:48 Elite Steppe Lancer
52:13 Heresy
51:34 Long Swordsman
51:36 Arbalester
51:38 Heavy Cavalry Archer
51:49 Capped Ram
56:18 Siege Ram
57:40 Heavy Scorpion
58:39 Onager
62:00 Siege Onager
62:10 Two-Handed Swordsman
88:16 Champion
89:22 Carvel Hull
89:21 Demolition Ship
89:59 Fishing Lines
90:29 Medium Warships
90:42 Heavy Demolition Ship
91:13 Gillnets
96:53 Heavy Warships
中國猶太人
0:34 Loom
15:13 Feudal Age
16:47 Double-Bit Axe
20:15 Gold Mining
20:16 Stone Mining
22:39 Wheelbarrow
22:00 Fishing Lines
23:38 Horse Collar
28:28 Castle Age
30:07 Hand Cart
29:38 Town Watch
33:08 Bow Saw
34:36 Caravan
36:06 Fletching
36:16 Padded Archer Armor
38:57 Bodkin Arrow
40:57 Leather Archer Armor
41:30 Light Cavalry
42:26 Scale Barding Armor
42:32 Forging
43:11 Yeomen
43:38 Masonry
43:24 Murder Holes
45:26 Husbandry
46:01 Yeomen
46:10 Yeomen
48:54 Ballistics
52:49 Imperial Age
52:05 Pikeman
52:47 Squires
53:11 Elite Longbowman
54:12 Conscription
53:57 Bracer
54:28 Ring Archer Armor
58:25 Chemistry
62:45 Hoardings
64:57 Warwolf
68:24 Scale Mail Armor
68:35 Forging
73:00 Architecture
72:17 Arrowslits
72:15 Treadmill Crane
73:54 Siege Engineers
83:02 Guilds
85:51 Halberdier
98:59 Iron Casting
98:46 Chain Barding Armor
朱重八
1:40 Loom
15:18 Feudal Age
15:44 Double-Bit Axe
15:41 Horse Collar
18:28 Gold Mining
20:57 Castle Age
19:04 Fishing Lines
22:10 Bow Saw
22:11 Heavy Plow
25:15 Gillnets
25:45 Fervor
26:29 Wheelbarrow
28:09 Hand Cart
31:35 Padded Archer Armor
31:25 Fletching
31:46 Forging
31:42 Scale Barding Armor
32:18 Caravan
36:15 Imperial Age
34:21 Gambesons
34:37 Squires
34:58 Leather Archer Armor
34:39 Bodkin Arrow
35:05 Chain Barding Armor
34:45 Scale Mail Armor
35:21 Iron Casting
35:09 Husbandry
35:38 Stone Mining
36:24 Gold Shaft Mining
37:41 Stone Shaft Mining
37:41 Crop Rotation
37:31 Guilds
38:43 Two-Man Saw
42:27 Ring Archer Armor
41:58 Bracer
42:34 Plate Barding Armor
45:20 Chemistry
44:40 Ballistics
43:58 Elite Skirmisher
44:44 Thumb Ring
46:20 Elite Cataphract
47:26 Conscription
50:18 Fortified Wall
50:28 Chain Mail Armor
57:01 Logistica
70:31 Heavy Cavalry Archer
Shabannel Preztel
11:37 Feudal Age
10:59 Loom
18:00 Castle Age
17:17 Double-Bit Axe
17:24 Horse Collar
19:36 Stone Mining
23:24 Gold Mining
29:03 Fervor
29:18 Town Watch
33:30 Wheelbarrow
38:14 Imperial Age
39:49 Hand Cart
39:35 Town Patrol
39:43 Scale Barding Armor
39:50 Forging
39:43 Husbandry
39:54 Bloodlines
42:18 Stone Shaft Mining
42:06 Heavy Plow
42:26 Bow Saw
43:56 Light Cavalry
44:53 Fortified Wall
44:57 Masonry
44:27 Treadmill Crane
45:10 Ballistics
44:45 Murder Holes
45:54 Chemistry
45:19 Conscription
45:46 Caravan
47:46 Chain Barding Armor
48:02 Iron Casting
48:01 Crop Rotation
49:13 Two-Man Saw
48:08 Fletching
48:51 Architecture
47:52 Elite Leitis
48:42 Hill Forts
49:20 Plate Barding Armor
49:58 Winged Hussar
51:24 Hoardings
62:37 Bodkin Arrow
63:10 Bombard Tower
81:01 Bracer
oospzsz
10:20 Feudal Age
10:58 Double-Bit Axe
11:32 Horse Collar
18:36 Castle Age
17:59 Wheelbarrow
18:00 Stone Mining
20:44 Bow Saw
22:06 Fishing Lines
29:40 Imperial Age
28:08 Scale Barding Armor
30:14 Gold Mining
30:04 Elite Conquistador
31:58 Theocracy
31:18 Gillnets
32:25 Hand Cart
32:30 Fletching
32:58 Padded Archer Armor
33:33 Ballistics
34:18 Chemistry
34:34 Chain Barding Armor
34:42 Inquisition
36:04 Two-Man Saw
35:55 Stone Shaft Mining
36:03 Plate Barding Armor
47:17 Leather Archer Armor
46:52 Fletching
50:53 Husbandry
51:03 Bloodlines
50:15 Cavalier
51:45 Light Cavalry
53:07 Ballistics
53:40 Onager
55:06 Paladin
59:54 Forging
60:25 Hussar
64:39 Iron Casting
67:24 Caravan
73:23 Heavy Plow
80:28 Blast Furnace
落花不识君
5:51 Loom
11:08 Feudal Age
12:27 Wheelbarrow
11:40 Double-Bit Axe
11:58 Horse Collar
21:03 Castle Age
23:45 Bow Saw
23:42 Heavy Plow
27:57 Hand Cart
29:33 Squires
29:20 Arson
32:13 Forging
32:03 Scale Mail Armor
31:59 Fletching
32:09 Padded Archer Armor
38:47 Imperial Age
37:00 Iron Casting
36:40 Chain Mail Armor
38:00 Pikeman
39:26 Caravan
39:51 Capped Ram
41:41 Blast Furnace
41:12 Plate Mail Armor
41:10 Conscription
44:02 Garland Wars
45:30 Crop Rotation
44:53 Gold Mining
44:53 Stone Mining
46:10 Atlatl
48:32 Onager
52:06 Gold Shaft Mining
52:08 Stone Shaft Mining
53:26 Siege Onager
67:47 Elite Jaguar Warrior
81:11 Bodkin Arrow
81:32 Leather Archer Armor
81:20 Elite Skirmisher
KarlKinGgRolo
13:35 Feudal Age
14:01 Horse Collar
14:10 Double-Bit Axe
18:04 Castle Age
16:45 Gold Mining
20:37 Heavy Plow
38:00 Imperial Age
36:17 Stone Mining
38:50 Scale Barding Armor
38:55 Forging
38:45 Scale Mail Armor
42:44 Wheelbarrow
41:58 Town Watch
42:34 Chain Barding Armor
42:50 Iron Casting
42:30 Chain Mail Armor
43:44 Cavalier
45:42 Bloodlines
46:08 Hand Cart
45:17 Pikeman
45:57 Squires
46:12 Town Patrol
46:51 Crop Rotation
46:59 Stone Shaft Mining
46:36 Bow Saw
45:57 Paladin
49:57 Plate Barding Armor
50:22 Blast Furnace
49:52 Plate Mail Armor
49:52 Loom
50:33 Guilds
50:24 Caravan
51:19 Conscription
51:20 Crenellations
51:21 Ironclad
51:37 Hoardings
77:39 Halberdier
86:06 Onager
87:22 Siege Onager
89:19 Two-Man Saw
Connection lost

Rejoining the realm…

Still unreachable

The connection could not be restored.

Session expired

The server has moved on; the page needs a fresh start.